 Dungeon Crawl Stone Soup version 0.22-a0-322-g60b3cfd (webtiles) character file.

7235 sankara the Grappler (level 10, -31/87 HPs)
             Began as a Troll Monk on Apr 2, 2018.
             Was an Elder of Ru.
             Killed from afar by a fire giant (41 damage)
             ... with a fireball
             ... on level 9 of the Dungeon.
             The game lasted 00:30:35 (8171 turns).

sankara the Grappler (Troll Monk)                   Turns: 8171, Time: 00:30:36

Health: -31/87     AC:  8    Str: 22    XL:     10   Next: 88%
Magic:  0/9        EV: 10    Int:  6    God:    Ru [****..]
Gold:   490        SH:  0    Dex: 14    Spells: 9/9 levels left

rFire    . . .     SeeInvis +     - Unarmed
rCold    . . .     Gourm    +   (no shield)
rNeg     . . .     Faith    .   r - +0 robe {MR+}
rPois    .         Spirit   +   p - +2 hat
rElec    .         Reflect  .   F - +0 cloak
rCorr    .         Harm     .   (gloves unavailable)
MR       +....                  (boots unavailable)
Stlth    ++........             v - amulet of guardian spirit {Spirit}
HPRegen  0.64/turn              e - ring of flight {+Fly, !d}
MPRegen  0.11/turn              u - ring of see invisible {sInv, !d}

@: extremely horrified, slowed, very slow
A: large, unfitting armour, claws 3, fast metabolism 3, gourmand, regeneration
1, shaggy fur 1, tough skin 2, hated by all, cowardly, unskilled 1
a: Draw Out Power, Power Leap, Renounce Religion, Evoke Flight


You were on level 9 of the Dungeon.
You worshipped Ru.
Ru was greatly pleased with you.
You were completely stuffed.

You visited 2 branches of the dungeon, and saw 10 of its levels.
You also visited: Ossuary.

You collected 490 gold pieces.

Inventory:

Missiles
 d - 75 stones (quivered)
 x - 33 sling bullets
Armour
 p - a +2 hat (worn)
   (You found it on level 4 of the Dungeon)
 r - a +0 robe of magic resistance (worn)
   (You found it on level 5 of the Dungeon)
 F - a +0 cloak (worn)
   (You took it off Maurice on level 8 of the Dungeon)
Jewellery
 e - a ring of flight (left claw) {+Fly, !d}
   (You found it on level 2 of the Dungeon)
 u - a ring of see invisible (right claw) {sInv, !d}
   (You found it on level 7 of the Dungeon)
 v - an amulet of guardian spirit (around neck) {Spirit}
   (You found it on level 6 of the Dungeon)
 D - an uncursed amulet of the acrobat
   (You found it on level 8 of the Dungeon)
Wands
 H - a wand of clouds (5)
   (You took it off a kobold on level 9 of the Dungeon)
Scrolls
 a - a scroll of fog {unknown}
 f - 4 scrolls of magic mapping {unknown}
 g - a scroll of noise {unknown}
 i - 7 scrolls of identify
 j - 5 scrolls of teleportation
 l - 6 scrolls of remove curse
 m - 3 scrolls of enchant armour
 s - 2 scrolls of enchant weapon {unknown}
 t - a scroll of blinking {!r}
 w - a scroll of immolation {unknown}
 y - 2 scrolls of amnesia {unknown}
 B - a scroll of random uselessness {unknown}
 E - a scroll of torment {unknown}
Potions
 c - 2 potions of cancellation
 h - 3 potions of brilliance
 k - 2 potions of curing
 n - a potion of magic
 o - a potion of lignification {!q}
 q - 2 potions of heal wounds
 z - a potion of degeneration {!q}
 A - a potion of haste
 C - a potion of ambrosia {unknown}
Comestibles
 b - 26 rations
 G - 5 chunks of flesh {@w0}


   Skills:
 - Level 2.2 Fighting
 - Level 2.2 Dodging
 - Level 1.0 Stealth
 + Level 14.8 Unarmed Combat


You had 9 spell levels left.
You didn't know any spells.

Dungeon Overview and Level Annotations

Branches:
Dungeon (9/15)             Temple (1/1) D:5
   Lair: D:8-11         Orc: D:9-12

Altars:
Ashenzari
Cheibriados
Dithmenos
Elyvilon
Fedhas
Gozag
Hepliaklqana
Kikubaaqudgha
Makhleb
Nemelex Xobeh
Okawaru
Qazlal
Ru
Sif Muna
Trog
Uskayaw
Vehumet
Wu Jian
Xom
Yredelemnul
Zin
The Shining One

Annotations:
D:4 Demitroll's ghost, amateur DsAK


Innate Abilities, Weirdness & Mutations

You are too large for most types of armour.
You have claws for hands.
Your metabolism is lightning-fast.
You like to eat raw meat.
Your natural rate of healing is unusually fast.
You are covered in fur. (AC +1)
You have very tough skin. (AC +2)
You are hated by all.
Your cowardice makes you less effective in combat with threatening monsters.
You are somewhat unskilled. (-1 Apt)


Message History

Magic restored.
Eating one of 7 chunks of flesh {@w0}.
You eat one of the 7 chunks of flesh {@w0}.
This raw flesh tastes great.
The kobold shouts!
You mangle the kobold!!
You kill the kobold!
H - a wand of clouds (5)
There is a stone staircase leading up here.
You start resting.
HP restored.
Things that are here:
a giant club x2
Things that are here:
a club; a leather armour; a big kobold corpse You see here an iguana skeleton.
You see here 18 stones.
You see here a stone.
You see here a short sword.
You see here a dagger.
There is an escape hatch in the floor here.
There is an escape hatch in the floor here.
You now have 490 gold pieces (gained 10).
Eating one of 6 chunks of flesh {@w0}.
You eat one of the 6 chunks of flesh {@w0}.
This raw flesh tastes great.
A crocodile is nearby!
You closely miss the crocodile. The crocodile completely misses you.
You scratch the crocodile.
The crocodile is moderately wounded.
The crocodile completely misses you.
You barely miss the crocodile.
The crocodile is moderately wounded.
You mangle the crocodile!!
You kill the crocodile!
No target in view!
No target in view!
You open the door.
There is an open door here.
You open the door.
Marking area around the five-headed hydra as unsafe for travelling.
A hydra, a hornet, a fire giant and a freezing wraith come into view.
The fire giant is wielding a great sword of flaming.
The fire giant shouts!
Monsters!
Monsters everywhere!
You have to get out of here!
The hornet stings you.
You feel yourself slow down.
You feel yourself speed up. The hornet stings you!
You feel yourself slow down.
You reel with horror at the sight of these foes!
The hornet stings you!
You feel as though you will be slow longer.
The hornet stings you.
You feel as though you will be slow longer.
The hornet stings you.
You feel as though you will be slow longer.
The fire giant begins to cast a spell, but is stunned by your will!
The hornet is stunned by your will and fails to attack.
You redirect the fire giant's attack!
The hornet stings you.
You feel as though you will be slow longer.
You reel with horror at the sight of these foes!
There is an open door here.
The hornet stings you!
You suddenly lose the ability to move!
The hornet stings you but does no damage.
The hornet stings you.
You are poisoned.
You feel as though you will be slow longer.
You feel sick. The hornet stings you.
You feel as though you will be slow longer.
You focus your will and illuminate the hornet in retribution!
You can move again.
You feel sick.
You feel sick.
The fire giant points at you and mumbles some strange words.
The bolt of fire hits you!
* * * LOW HITPOINT WARNING * * *
The hornet stings you.
* * * LOW HITPOINT WARNING * * *
You are more poisoned.
You feel as though you will be slow longer.
You feel sick.
The hornet stops glowing.
The hornet stings you but does no damage.
The fire giant begins to cast a spell, but is stunned by your will!
The hornet is stunned by your will and fails to attack.
You feel sick.
The hornet stings you but does no damage.
You feel sick. The hornet barely misses you.
You feel sick.
You redirect the fire giant's attack!
The hornet stings you!
* * * LOW HITPOINT WARNING * * *
You feel as though you will be slow longer.
The fire giant begins to cast a spell, but is stunned by your will!
* * * LOW HITPOINT WARNING * * *
You feel sick. The hornet completely misses you.
The hornet stings you but does no damage.
You feel better.
The fire giant points at you and mumbles some strange words.
The fireball explodes!
The fireball engulfs you!
You die...

# #.........##########....##)).
#.........# ###..>)###
#.........# ###..... #.........#
#.###. ..........# #.....
...........# ###... #.........#
#########..
#.........#########..........
.######.#####..@.......#######..
........# ##C########## #..
#######..####.y# #..
......#.......## ##.
+####.'..###### ## ....#.#..# #
..DW#.#..# ...C#.#..# ...#.#..#


You could see a fire giant.

Vanquished Creatures
  3 two-headed ogres (D:9)
  The ghost of barakagiga3 the Cleaver, a novice MiGl of Okawaru (D:6)
  Maurice (D:8)
  3 hippogriffs (D:8)
  A spriggan (D:7)
  3 yaks (D:9)
  Eustachio (D:5)
  A wyvern (D:8)
  2 hungry ghosts
  A water moccasin (D:6)
  A black bear (D:7)
  A sky beast (D:7)
  2 phantoms
  3 ice beasts
  5 ogres
  2 centaurs
  2 crocodiles
  A big kobold (D:9)
  2 bullfrogs
  3 wights (D:9)
  4 howler monkeys
  3 crimson imps
  A centaur zombie (D:8)
  A centaur skeleton (D:8)
  2 jellies
  3 hounds
  3 orc priests
  A bullfrog skeleton (D:4)
  4 iguanas
  2 orc wizards
  4 worker ants
  A killer bee zombie (D:5)
  3 mummies (Ossuary)
  2 worker ant zombies (D:5)
  Robin (D:3)
  3 gnolls (D:8)
  9 adders
  A shadow imp (D:9)
  2 oozes (D:2)
  5 adder zombies
  An adder skeleton (D:5)
  3 worms
  A dart slug (D:3)
  7 leopard geckos
  15 orcs
  5 bats
  4 giant cockroaches
  12 goblins
  4 hobgoblins
  6 jackals
  11 kobolds
  6 quokkas
  3 ball pythons
  6 frilled lizards
  3 goblin zombies (Ossuary)
  2 hobgoblin zombies (Ossuary)
  A kobold zombie (Ossuary)
  A leopard gecko skeleton (D:5)
  A leopard gecko zombie (D:9)
  An orc zombie (Ossuary)
  5 quokka zombies (Ossuary)
  2 rats
  3 rat zombies (Ossuary)
197 creatures vanquished.

Vanquished Creatures (others)
  A bullfrog (D:8)
  An orc (D:8)
2 creatures vanquished.

Grand Total: 199 creatures vanquished

Notes
Turn   | Place    | Note
-------+----------+-------------------------------------------
     0 | D:1      | sankara the Troll Monk began the quest for the Orb.
     0 | D:1      | Reached XP level 1. HP: 22/22 MP: 0/0
   567 | D:1      | You fall through a shaft!
   583 | D:2      | Reached XP level 2. HP: 24/29 MP: 1/1
   606 | D:2      | Reached skill level 4 in Unarmed Combat
   623 | D:2      | HP: 6/29 [leopard gecko (3)]
   625 | D:2      | Reached XP level 3. HP: 8/36 MP: 2/2
  2219 | D:3      | Found a faded altar of an unknown god.
  2283 | D:3      | Reached skill level 5 in Unarmed Combat
  2283 | D:3      | Reached XP level 4. HP: 37/44 MP: 3/3
  2338 | D:3      | Noticed Robin
  2347 | D:3      | Killed Robin
  2824 | D:4      | Noticed Demitroll's ghost (amateur DsAK)
  2835 | D:4      | HP: 6/44 [Demitroll's ghost (11)]
  2850 | D:4      | HP: 10/44 [Demitroll's ghost (4)]
  2916 | D:4      | Reached XP level 5. HP: 46/50 MP: 4/4
  2952 | D:4      | Found a shimmering altar of Xom.
  2977 | D:4      | Reached skill level 6 in Unarmed Combat
  3064 | D:4      | Noticed a centaur
  3074 | D:4      | Killed a centaur
  3074 | D:4      | Reached XP level 6. HP: 51/59 MP: 5/5
  3215 | D:4      | Reached skill level 7 in Unarmed Combat
  3218 | D:4      | Noticed a hungry ghost
  3225 | D:4      | Killed a hungry ghost
  3436 | D:4      | Found an iron altar of Okawaru.
  3440 | D:4      | Reached skill level 8 in Unarmed Combat
  3440 | D:4      | Reached XP level 7. HP: 58/66 MP: 6/6
  3741 | D:5      | Entered Level 5 of the Dungeon
  3750 | D:5      | Noticed Eustachio
  3759 | D:5      | Killed Eustachio
  3905 | D:5      | Reached skill level 9 in Unarmed Combat
  3958 | D:5      | Found a staircase to the Ecumenical Temple.
  3973 | Temple   | Entered the Ecumenical Temple
  4148 | Temple   | Became a worshipper of Ru the Awakened
  4154 | Temple   | Gained mutation: You are somewhat unskilled. (-1 Apt) [Ru sacrifice]
  4154 | Temple   | Reduced skill Stealth to level 0
  4154 | Temple   | Reduced skill Unarmed Combat to level 8
  4154 | Temple   | Reached * piety under Ru
  4154 | Temple   | Reached ** piety under Ru
  4173 | D:5      | Reached skill level 1 in Stealth
  4298 | D:5      | Noticed a hungry ghost
  4304 | D:5      | Killed a hungry ghost
  4310 | D:5      | Reached XP level 8. HP: 56/72 MP: 7/7
  4314 | D:5      | Reached skill level 9 in Unarmed Combat
  5031 | D:6      | Reached skill level 10 in Unarmed Combat
  5050 | D:6      | Noticed barakagiga3's ghost (novice MiGl)
  5068 | D:6      | Killed barakagiga3's ghost
  5068 | D:6      | Reached skill level 11 in Unarmed Combat
  5068 | D:6      | Reached XP level 9. HP: 67/79 MP: 3/8
  5876 | D:7      | Gained mutation: Your cowardice makes you less effective in combat with threatening monsters. [Ru sacrifice]
  5876 | D:7      | Reached *** piety under Ru
  6092 | D:7      | Reached skill level 12 in Unarmed Combat
  6124 | D:7      | Found an ancient bone altar of Kikubaaqudgha.
  6131 | D:7      | Found a burning altar of Makhleb.
  6133 | D:7      | Found a glowing silver altar of Zin.
  6134 | D:7      | Found a basalt altar of Yredelemnul.
  6136 | D:7      | Found an opulent altar of Gozag.
  6268 | D:7      | Found a sand-covered staircase.
  6294 | Ossuary  | Entered an ossuary
  7037 | D:8      | Found a burning altar of Makhleb.
  7039 | D:8      | Noticed a green death
  7041 | D:8      | Reached skill level 13 in Unarmed Combat
  7041 | D:8      | Reached XP level 10. HP: 68/87 MP: 9/9
  7180 | D:8      | Noticed Maurice
  7199 | D:8      | Killed Maurice
  7519 | D:9      | Gained mutation: You are hated by all. [Ru sacrifice]
  7519 | D:9      | Reached **** piety under Ru
  7662 | D:9      | Noticed a two-headed ogre
  7667 | D:9      | Killed a two-headed ogre
  7667 | D:9      | Reached skill level 14 in Unarmed Combat
  7675 | D:9      | Noticed a two-headed ogre
  7812 | D:9      | Killed a two-headed ogre
  7912 | D:9      | Noticed a two-headed ogre
  7964 | D:9      | Killed a two-headed ogre
  8152 | D:9      | Noticed a fire giant
  8152 | D:9      | Noticed a five-headed hydra
  8159 | D:9      | Paralysed by a hornet for 3 turns
  8163 | D:9      | HP: 17/87 [fire giant/bolt of fire (26)]
  8168 | D:9      | HP: 14/87 [poisoned by a hornet]
  8168 | D:9      | HP: 1/87 [hornet (13)]
  8171 | D:9      | Killed from afar by a fire giant

Vault maps used:
D:1:      scummos_arrival_gate, serial_co_window_serial, co_window_paths_b,
          co_window_paths_b, co_window_paths_a, co_window_paths_a,
          co_window_paths_a, co_window_corner_a, co_window_corner_a,
          co_window_broadway_b, co_window_paths_c, co_window_corner_ca,
          co_window_paths_c, co_window_unsneaky_path_d, co_window_4corner_a,
          glass_columns_b, glass_columns_b, glass_columns_c, patterned_corridor
D:2:      cheibrodos_old_hovel
D:3:      first_ration, chequers_ecumenical_altar_simple, uniq_robin
D:4:      kennysheep_mini_moat, kennysheep_okawaru_gauntlet
D:5:      temple_pool_b, uniq_eustachio
D:7:      minitemple, enter_ossuary_1, the_bakery
D:8:      makhleb_altar_promises_db, uniq_maurice
D:9:      minivault_25_ag, serial_park_tiny_2
Temple:   eino_temple_rhombus
Ossuary:  ossuary_minmay_chase

Skill      XL: |  1  2  3  4  5  6  7  8  9 10 |
---------------+-------------------------------+-----
Unarmed Combat | 4 5 6 8 8 11 13 14 | 14.8
Stealth        | 1 |  1.0
Fighting       | |  2.2
Dodging        | |  2.2

Action                   |  1- 3 |  4- 6 |  7- 9 | 10-12 || total
-------------------------+-------+-------+-------+-------++-------
Melee: Unarmed           |   105 |   116 |   261 |   108 ||   590
       Punch             |     1 |     4 |    15 |     6 ||    26
Throw: Stone             |       |     1 |    20 |     1 ||    22
Invok: Sacrifice Skill   |       |       |     1 |       ||     1
       Sacrifice Courage |       |       |     1 |       ||     1
       Sacrifice Love    |       |       |       |     1 ||     1
  Use: Scroll            |       |       |    12 |       ||    12
       Potion            |       |       |       |     1 ||     1
 Stab: Sleeping          |       |     3 |     4 |       ||     7
       Invisible         |       |       |     1 |       ||     1
       Distracted        |       |       |     2 |       ||     2
  Eat: Chunk             |    19 |    22 |    38 |    10 ||    89
Armor: Robe              |    61 |    37 |    62 |    14 ||   174
Dodge: Dodged            |    68 |    46 |   100 |    37 ||   251

Table legend:
 A = Spawn XP
 B = Non-spawn XP
 C = Spawn XP percentage of total XP
 D = Spawn monster count
 E = Non-spawn monster count
 F = Spawn count percentage of total count
 G = Total turns spent on level
                    A         B        C        D         E        F      G
               +---------+---------+-------+---------+---------+-------+---------
         Total |       0 |   10337 |   0.0 |       0 |     198 |   0.0 |  8171
               +---------+---------+-------+---------+---------+-------+---------
           D:1 |       0 |      13 |   0.0 |       0 |       9 |   0.0 |  1292
           D:2 |       0 |      79 |   0.0 |       0 |      19 |   0.0 |   925
           D:3 |       0 |      98 |   0.0 |       0 |      30 |   0.0 |   730
           D:4 |       0 |     560 |   0.0 |       0 |      20 |   0.0 |   794
           D:5 |       0 |     863 |   0.0 |       0 |      19 |   0.0 |   796
           D:6 |       0 |    1335 |   0.0 |       0 |      20 |   0.0 |   862
           D:7 |       0 |    1245 |   0.0 |       0 |      16 |   0.0 |  1022
           D:8 |       0 |    2033 |   0.0 |       0 |      19 |   0.0 |   760
           D:9 |       0 |    4030 |   0.0 |       0 |      25 |   0.0 |   602
       Ossuary |       0 |      81 |   0.0 |       0 |      21 |   0.0 |   205
               +---------+---------+-------+---------+---------+-------+---------

Vault maps used:
D:1:      scummos_arrival_gate, serial_co_window_serial, co_window_paths_b,
          co_window_paths_b, co_window_paths_a, co_window_paths_a,
          co_window_paths_a, co_window_corner_a, co_window_corner_a,
          co_window_broadway_b, co_window_paths_c, co_window_corner_ca,
          co_window_paths_c, co_window_unsneaky_path_d, co_window_4corner_a,
          glass_columns_b, glass_columns_b, glass_columns_c, patterned_corridor
D:2:      cheibrodos_old_hovel
D:3:      first_ration, chequers_ecumenical_altar_simple, uniq_robin
D:4:      kennysheep_mini_moat, kennysheep_okawaru_gauntlet
D:5:      temple_pool_b, uniq_eustachio
D:7:      minitemple, enter_ossuary_1, the_bakery
D:8:      makhleb_altar_promises_db, uniq_maurice
D:9:      minivault_25_ag, serial_park_tiny_2
Temple:   eino_temple_rhombus
Ossuary:  ossuary_minmay_chase

Table legend:
 A = Turns spent in this place as a percentage of turns spent in the entire game.
 B = Non-inter-level travel turns spent in this place as a percentage of non-inter-level travel turns spent in the entire game.
 C = Inter-level travel turns spent in this place as a percentage of turns spent in this place.
 D = Turns resting spent in this place as a percentage of non-inter-level travel turns spent in this place.
 E = Turns spent auto-exploring this place as a percentage of non-inter-level travel turns spent in this place.
 F = Non-inter-level travel turns spent in this place divided by the number of levels of this place that you've seen.
                   A       B       C       D       E      F
               +-------+-------+-------+-------+-------+----------------------
         Total | 100.0 | 100.0 |   6.3 |   6.8 |  70.3 | 696.0
       Dungeon |  95.3 |  95.2 |   6.4 |   6.4 |  70.8 | 809.4
        Temple |   2.2 |   2.2 |   9.3 |   0.0 |  97.0 | 166.0
       Ossuary |   2.5 |   2.7 |   0.0 |  26.3 |  27.8 | 205.0
               +-------+-------+-------+-------+-------+----------------------

Table legend:
 A = Kills in this place as a percentage of kills in entire the game.
 B = Kills by you in this place as a percentage of kills by you in the entire game.
 C = Kills by friends in this place as a percentage of kills by friends in the entire game.
 D = Other kills in this place as a percentage of other kills in the entire game.
 E = Experience gained in this place as a percentage of experience gained in the entire game.
 F = Experience gained in this place divided by the number of levels of this place that you have seen.
                   A       B       C       D       E      F
               +-------+-------+-------+-------+-------+----------------------
         Total | 100.0 | 100.0 |   N/A | 100.0 | 100.0 | 939.7
       Dungeon |  89.4 |  89.3 |   N/A | 100.0 |  99.2 | 1139.6
       Ossuary |  10.6 |  10.7 |   N/A |   0.0 |   0.8 |  81.0
               +-------+-------+-------+-------+-------+----------------------
